 Dungeon Crawl Stone Soup version 0.30.0-20-g3615ddf2f0 (webtiles) character file.

Game seed: 4924717926908323958

59 qw the Chopper (level 4, -1/28 HPs)
             Began as a Gargoyle Fighter on May 29, 2023.
             Slain by Terence
             ... wielding a +0 short sword
              (3 damage)
             ... on level 3 of the Dungeon.
             The game lasted 00:00:53 (1513 turns).

qw the Chopper (Gargoyle Fighter)                   Turns: 1513, Time: 00:00:54

Health: -1/28      AC: 10    Str: 22    XL:     4   Next: 3%
Magic:  4/4        EV:  9    Int:  8    God:
Gold:   160        SH:  4    Dex:  9    Spells: 3/3 levels left

rFire   . . .        Y - +0 war axe
rCold   . . .        c - +0 buckler
rNeg    + . .        b - +0 scale mail
rPois   inf          (no helmet)
rElec   +            (no cloak)
rCorr   .            (no gloves)
SInv    .            (no boots)
Will    .....        (no amulet) Stlth
                     (no ring)
HPRegen 0.24/turn    (no ring)
MPRegen 0.09/turn

%: no passive effects
@: no status effects
A: sickness immunity, AC +3, negative energy resistance 1, electricity
resistance, torment resistance 1, petrification resistance
a: no special abilities


You were on level 3 of the Dungeon.
You visited 1 branch of the dungeon, and saw 3 of its levels.

You collected 160 gold pieces.


Innate Abilities, Weirdness & Mutations

You are immune to sickness and miasma.
Your stone body is resilient. (AC +3)
You are immune to poison.
You resist negative energy. (rN+)
You are resistant to electric shocks. (rElec)
You are resistant to unholy torment.
You are immune to petrification.


   Skills:
 - Level 3.2 Fighting
 + Level 3.8 Axes
 - Level 3.2 Armour
 - Level 3.2 Shields


You had 3 spell levels left.
You didn't know any spells.
Your spell library was empty.

Inventory:

Hand Weapons
 j - a +0 whip
 Y - a +0 war axe (weapon)
Armour
 b - a +0 scale mail (worn)
 c - a +0 buckler (worn)
Scrolls
 a - a scroll of identify
Potions
 d - a potion of might
 e - 2 potions of lignification {unknown}
 g - a potion of cancellation {unknown}
 h - a potion of curing {unknown}
 k - a potion of mutation {unknown}

Dungeon Overview and Level Annotations

Branches:
Dungeon (3/15)

Altars:

Annotations:
D:3 Terence


Message History

You closely miss Terence.
Terence is heavily wounded.
Terence hits you with a +0 short sword.
You hit Terence but do no damage.
Terence is heavily wounded.
Terence barely misses you.
You hit Terence.
Terence is heavily wounded.
You block Terence's attack. Terence barely misses you.
You hit Terence but do no damage.
Terence is heavily wounded.
Terence zaps a wand.
The puff of flame hits you!
You hit Terence.
Terence is severely wounded.
Terence hits you with a +0 short sword.
You barely miss Terence.
Terence is severely wounded.
Terence hits you with a +0 short sword. Terence misses you.
You barely miss Terence.
Terence is severely wounded.
Terence zaps a wand.
The puff of flame hits you.
You hit Terence but do no damage.
Terence is severely wounded.
Terence barely misses you.
You hit Terence but do no damage.
Terence is severely wounded.
Terence hits you with a +0 short sword. Terence misses you.
You barely miss Terence.
Terence is severely wounded.
Terence zaps a wand.
The puff of flame hits you!
You barely miss Terence.
Terence is severely wounded.
Terence closely misses you.
You closely miss Terence.
Terence is severely wounded.
You block Terence's attack.
Terence zaps a wand.
The puff of flame misses you.
You hit Terence but do no damage.
Terence is severely wounded.
Terence hits you with a +0 short sword.
You die...

#. #. ###.# #.
....# #. ....# #.
###. ...
....###.#####....
...
..............###
... ...
#.@@...$.... ..
##.# ####.....##
#. ###/.#
#....#####
#.##...##
###.####
#.....#####...#
###..#.......###
#...##########
%.### ###


You could see Terence.

Vanquished Creatures
  An adder (D:2)
  A worm (D:3)
  A dart slug (D:1)
  An endoplasm (D:3)
  2 giant cockroaches
  8 goblins
  7 hobgoblins
  3 jackals (D:1)
  A quokka (D:1)
  4 ball pythons
  3 bats
  A frilled lizard (D:1)
  5 kobolds
  3 rats
41 creatures vanquished.

Notes
Turn   | Place    | Note
-------+----------+-------------------------------------------
     0 | D:1      | qw the Gargoyle Fighter began the quest for the Orb.
     0 | D:1      | Reached XP level 1. HP: 14/14 MP: 1/1
     0 | D:1      | 0 ||| qw: Version: 0.2-a-101-gf424e7f
     0 | D:1      | 0 ||| qw: Game counter: 336
     0 | D:1      | 0 ||| qw: Always use a shield: true
     0 | D:1      | 0 ||| qw: God list: Okawaru
     0 | D:1      | 0 ||| qw: Allow faded altars: false
     0 | D:1      | 0 ||| qw: Do Orc after D:15 true
     0 | D:1      | 0 ||| qw: Do second Lair branch before Depths: true
     0 | D:1      | 0 ||| qw: Lair rune preference: random
     0 | D:1      | 0 ||| qw: Plans: Normal, Zot:1-4, Slime:5, God:TSO, Crypt,
                  | Tomb, Pan, Hells, Abyss, Win
     0 | D:1      | 0 ||| PLANNING D:1-11
     4 | D:1      | 4 ||| Stepping ~*~*~tactically~*~*~ (stealth).
    49 | D:1      | Reached XP level 2. HP: 19/19 MP: 2/2
    59 | D:1      | 59 ||| Stepping ~*~*~tactically~*~*~ (stealth).
   190 | D:1      | Reached skill level 3 in Axes
   213 | D:1      | 213 ||| DROPPING +0 club.
   246 | D:1      | 246 ||| Stepping ~*~*~tactically~*~*~ (stealth).
   296 | D:1      | Reached XP level 3. HP: 20/23 MP: 3/3
   420 | D:1      | 420 ||| Stepping ~*~*~tactically~*~*~ (hiding).
   424 | D:1      | 424 ||| Stepping ~*~*~tactically~*~*~ (hiding).
   664 | D:1      | 664 ||| READING 2 scrolls labelled TONETI ZAYSCHOU.
   665 | D:1      | 665 ||| READING scroll labelled OLOYT JORUASS.
   666 | D:1      | 666 ||| READING scroll labelled QOAVVYPRUA.
   667 | D:1      | 667 ||| READING scroll labelled TONEOKOLLIONA.
   672 | D:1      | 672 ||| DROPPING scroll of poison.
  1418 | D:2      | 1418 ||| READING 2 scrolls labelled GEZYDI YSOLAOREUK.
  1419 | D:2      | 1419 ||| READING 2 scrolls labelled IGEAMO ANUE.
  1420 | D:2      | 1420 ||| DROPPING scroll of blinking.
  1489 | D:3      | Reached XP level 4. HP: 25/28 MP: 4/4
  1498 | D:3      | Noticed Terence
  1510 | D:3      | HP: 1/28 [Terence/puff of flame (9)]
  1513 | D:3      | Slain by Terence

Levels and vault maps discovered:
D:1:      minmay_arrival_stone_box, layout_basic, minmay_misc_feat_x
D:2:      layout_basic
D:3:      layout_rooms, dilly_ecumenical_altar_fadedgnrine, uniq_jessica,
          uniq_terence

Skill      XL: |  1  2 |
---------------+-------+-----
Axes           | 2 3 |  3.8
Fighting       | |  3.2
Armour         | |  3.2
Shields        | |  3.2

Action                     |  1- 3 |  4- 6 || total
---------------------------+-------+-------++-------
  Melee: War axe           |   121 |    14 ||   135
    Use: Scroll            |     6 |       ||     6
 Armour: Scale mail        |    51 |     1 ||    52
  Dodge: Dodged            |    51 |     9 ||    60
  Block: Buckler           |    16 |     2 ||    18

Table legend:
 A = Non-vault XP
 B = Vault XP
 C = Vault XP percentage of total XP
 D = Non-vault monster count
 E = Vault monster count
 F = Vault count percentage of total count
                 A         B        C        D         E       F
            +---------+---------+-------+---------+---------+-------
      Total |      85 |       0 |   0.0 |      41 |       0 |   0.0
            +---------+---------+-------+---------+---------+-------
        D:1 |      49 |       0 |   0.0 |      27 |       0 |   0.0
        D:2 |      28 |       0 |   0.0 |      11 |       0 |   0.0
        D:3 |       8 |       0 |   0.0 |       3 |       0 |   0.0
            +---------+---------+-------+---------+---------+-------
